 Dungeon Crawl Stone Soup version 0.29-a0-338-g1ff7896281 (webtiles) character file.

Game seed: 796020295377055012

3703 spaghetti the Covered (level 10, -6/51 HPs)
             Began as a Vine Stalker Fighter on Apr 18, 2022.
             Was a Priest of Kikubaaqudgha.
             Mangled by a slime creature (7 damage)
             ... on level 7 of the Dungeon.
             The game lasted 00:13:01 (6493 turns).

spaghetti the Covered (Vine Stalker Fighter)        Turns: 6493, Time: 00:13:01

Health: -6/51      AC: 15    Str: 19    XL:     10   Next: 14%
Magic:  0/11       EV:  8    Int:  8    God:    Kikubaaqudgha [***...]
Gold:   192        SH:  0    Dex: 18    Spells: 9/9 levels left

rFire   + . .      SeeInvis .   m - +2 whip (vamp) {mace}
rCold   . . .      Faith    .   b - +0 buckler
rNeg    . . .      Spirit   +   x - +0 plate armour
rPois   +          Reflect  .   y - +0 helmet
rElec   .          Harm     .   G - +0 cloak
rCorr   .          Rampage  .   (no gloves)
Will    +....                   (no boots)
Stlth   ..........              (no amulet)
HPRegen 0.97/turn               k - ring of protection from fire
MPRegen 0.12/turn               t - ring of poison resistance

@: confused, ambrosia-drunk
A: fangs 3, regeneration 1, magic shield, antimagic bite, no potion heal 2
a: Renounce Religion, Receive Corpses


You were on level 7 of the Dungeon.
You worshipped Kikubaaqudgha.
Kikubaaqudgha was most pleased with you.
You visited 1 branch of the dungeon, and saw 7 of its levels.

You collected 192 gold pieces.


Innate Abilities, Weirdness & Mutations

You have razor-sharp teeth.
Your natural rate of healing is unusually fast.
When hurt, damage is shared between your health and your magic reserves.
Your bite disrupts and absorbs the magic of your enemies.
Potions cannot restore your health.


   Skills:
 + Level 5.2 Fighting
 + Level 6.4 Maces & Flails
 - Level 0.2 Throwing
 * Level 7.1 Armour
 + Level 5.7 Dodging
 - Level 2.6 Shields
 - Level 4.2 Unarmed Combat


You had 9 spell levels left.
You didn't know any spells.
Your spell library contained the following spells:

 Spells                   Type           Power      Damage    Failure   Level
 Animate Skeleton         Necr           0%         N/A       100%        1
 Apportation              Tloc           0%         N/A       100%        1
 Pain                     Necr           0%         1d4       100%        1
 Summon Small Mammal      Summ           0%         N/A       100%        1
 Corpse Rot               Necr/Air       0%         N/A       100%        2
 Tukima's Dance           Hex            0%         N/A       100%        3
 Vampiric Draining        Necr           0%         2d6       100%        3
 Anguish                  Hex/Necr       0%         N/A       100%        4
 Animate Dead             Necr           0%         N/A       100%        4
 Dispel Undead            Necr           0%         3d6       100%        4
 Passage of Golubria      Tloc           0%         N/A       100%        4
 Excruciating Wounds      Necr           0%         N/A       100%        5
 Yara's Violent Unravell  Hex/Tmut       0%         3d3       100%        5
 Simulacrum               Ice/Necr       0%         N/A       100%        6

Inventory:

Hand Weapons
 m - a +2 vampiric whip (weapon) {mace}
   (You took it off an orc on level 4 of the Dungeon)
 N - a +5 flail of holy wrath {mace}
   (You took it off Edmund on level 5 of the Dungeon)
Missiles
 e - 140 stones (quivered) {throwing}
 l - 7 poisoned darts {throwing}
 w - 4 boomerangs of dispersal {=f!fthrowing}
Armour
 a - a +0 scale mail
 b - a +0 buckler (worn)
 x - a +0 plate armour (worn)
   (You found it on level 2 of the Dungeon)
 y - a +0 helmet (worn)
   (You found it on level 2 of the Dungeon)
 G - a +0 cloak (worn)
   (You found it on level 5 of the Dungeon)
Jewellery
 k - a ring of protection from fire (left hand)
   (You found it on level 1 of the Dungeon)
 t - a ring of poison resistance (right hand)
   (You found it on level 2 of the Dungeon)
Wands
 B - a wand of digging (7)
   (You found it on level 3 of the Dungeon)
 O - a wand of paralysis (3)
   (You took it off Ijyb on level 5 of the Dungeon)
Scrolls
 c - 4 scrolls of identify {unknown}
 v - a scroll of fear {unknown}
 A - a scroll of holy word {unknown}
 D - a scroll of brand weapon {unknown}
 E - 2 scrolls of immolation {unknown}
 I - a scroll of blinking {unknown}
 J - a scroll of magic mapping {unknown}
 K - a scroll of teleportation {@r4}
 L - a scroll of fog {unknown}
Potions
 d - a potion of degeneration {unknown}
 z - a potion of ambrosia
 C - 4 potions of curing {unknown}
 F - 3 potions of berserk rage {unknown}
 H - a potion of attraction {unknown}
 M - a potion of mutation {unknown}
 P - a potion of flight {unknown}

Dungeon Overview and Level Annotations

Branches:
Dungeon (7/15)             Temple (0/1) D:4

Altars:
Kikubaaqudgha

Shops:
D:6

* ### ### #.# #.#
#.###.# #.######.....# #
.........###.#######.###
..............5JY.......
y.#######..####T@.......
#...#############
#†).......! #(...######
......# ........#
..........# ...#.......
##.#(......#


You could see a slime creature, a troll, a sky beast and an ufetubus.


Message History

The troll bites you but does no damage. The troll claws you but does no damage.
The troll claws you.
* * * LOW HITPOINT WARNING * * *
😱 HP[-3] MP[+2]
You take 3 damage, and now have 10/51 hp.
You regained 2 mp, and now have 5/11 mp.
Unknown command.
Unknown command.
Unknown command.
You bump into the rock wall.
The troll closely misses you. The troll claws you but does no damage.
The troll claws you.
* * * LOW HITPOINT WARNING * * *
😱 HP[-1] MP[+4]
You take 1 damage, and now have 9/51 hp.
You regained 4 mp, and now have 9/11 mp.
Unknown command.
The sky beast hits you but does no damage. 😱 MP[+2]
Your mp is fully restored (11).
Your +5 flail of holy wrath {mace} stops glowing.
You feel a sense of dread.
m - a +2 vampiric whip (weapon)
{mace} The sky beast hits you.
* * * LOW HITPOINT WARNING * * *
The sky beast shocks you.
* * * LOW HITPOINT WARNING * * *
The troll closely misses you. The troll claws you but does no damage.
The troll claws you.
* * * LOW HITPOINT WARNING * * *
😱 HP[-4] MP[-6]
You take 4 damage, and now have 5/51 hp.
You lost 6 mp, and now have 5/11 mp.
Unknown command.
Unknown command.
You miss the sky beast. You bite the sky beast! You drain its power.
You feel invigorated.
The sky beast hits you but does no damage.
The troll barely misses you. The troll closely misses you.
The troll claws you but does no damage. 😱 HP[+1] MP[+6]
Your mp is fully restored (11).
You closely miss the sky beast. You bite the sky beast! You drain its power.
The troll bites you but does no damage. The troll claws you but does no damage.
The troll claws you.
* * * LOW HITPOINT WARNING * * *
The sky beast hits you but does no damage. 😱 HP[-1] MP[-3]
You take 1 damage, and now have 5/51 hp.
You lost 3 mp, and now have 8/11 mp.
Unknown command.
Unknown command.
Okay, then.
You miss the sky beast.
Your bite misses the sky beast. 😱 MP[+3]
Your mp is fully restored (11).
You hit the sky beast.
You feel better.
You bite the sky beast! You drain its power. The troll bites you.
* * * LOW HITPOINT WARNING * * *
The troll barely misses you. x2; The sky beast hits you.
* * * LOW HITPOINT WARNING * * *
The sky beast shocks you.
* * * LOW HITPOINT WARNING * * *
😱 HP[-4] MP[-7]
You take 4 damage, and now have 1/51 hp.
You lost 7 mp, and now have 4/11 mp.
Unknown command.
Okay, then.
You are too confused!
You feel less invigorated.
You feel less confused.
The sky beast barely misses you. 😱 HP[+1] MP[+3]
You regained 3 mp, and now have 7/11 mp.
Unknown command.
Unknown command.
Unknown command.
You are confused.
Your system rejects the healing.
You feel invigorated. The troll bites you.
* * * LOW HITPOINT WARNING * * *
The troll completely misses you. The troll claws you but does no damage.
The sky beast barely misses you.
Unknown command.
Unknown command.
Unknown command. 😱 HP[-1]
You take 1 damage, and now have 1/51 hp.
Unknown command.
You barely miss the troll. Your bite misses the troll.
The troll bites you but does no damage. The troll claws you but does no damage.
The troll claws you.
* * * LOW HITPOINT WARNING * * *
The sky beast closely misses you. 😱 MP[-3]
You lost 3 mp, and now have 4/11 mp.
You barely miss the troll. The sky beast hits you. The sky beast shocks you.
* * * LOW HITPOINT WARNING * * *
The troll bites you but does no damage. The troll closely misses you.
The troll claws you but does no damage. The slime creature hits you!
You die...
Kikubaaqudgha rasps: "You have failed me!
Welcome... death!"

Skill      XL: |  1  2  3  4  5  6  7  8  9 10 |
---------------+-------------------------------+-----
Dodging        | 1 3 4 5 |  5.7
Unarmed Combat | 3 4 |  4.2
Maces & Flails | 2 4 5 6 |  6.4
Armour         | 3 5 6 7 |  7.1
Fighting       | 3 5 |  5.2
Throwing       | |  0.2
Shields        | |  2.6

Action                   |  1- 3 |  4- 6 |  7- 9 | 10-12 || total
-------------------------+-------+-------+-------+-------++-------
Melee: Unarmed           |    69 |    78 |       |       ||   147
       Bite              |    14 |    33 |   153 |    25 ||   225
       Whip              |       |    39 |   467 |    46 ||   552
       Flail             |       |       |     5 |     9 ||    14
Throw: Dart              |    18 |       |       |       ||    18
       Stone             |    40 |    64 |   152 |    18 ||   274
  Use: Potion            |     1 |     3 |     1 |     2 ||     7
       Scroll            |       |     2 |       |     1 ||     3
Armor: Scale mail        |    21 |    48 |    21 |       ||    90
       Plate armour      |       |       |   174 |    47 ||   221
       Skin              |       |       |    33 |       ||    33
Dodge: Dodged            |    12 |    65 |   107 |    37 ||   221
Block: Buckler           |     8 |    32 |    74 |    10 ||   124

Levels and vault maps discovered:
D:1:      matt_arrival_refuge, layout_loops_corners,
          ebering_ecumenical_altar_box, grunt_decor_arrowhead
D:2:      layout_basic, uniq_sigmund
D:3:      layout_basic
D:4:      layout_loops_corners, minmay_temple_entry_large_hall,
          nicolae_wormholes, uniq_eustachio, uniq_natasha
D:5:      layout_cave_pods, uniq_pikel, uniq_edmund, uniq_ijyb,
          uniq_blork_the_orc, uniq_prince_ribbit1
D:6:      layout_basic, nicolae_shop_sticking_my_neck_out
D:7:      minmay_the_grid_octo_2x2 [minmay_the_grid_octo_concentric,
          minmay_the_grid_octo_fat_diamond, minmay_the_grid_octo_checkered,
          minmay_the_grid_octo_prize_ultimate_mussel_roller], layout_basic,
          nzn_hepliaklqana_mist_gate, mainiacjoe_overflow_24_doors,
          serial_corexii_hall, corexii_hall_statues_s,
          chequers_hall_statues_corner_a, minmay_shop_damaged

Notes
Turn   | Place    | Note
-------+----------+-------------------------------------------
     0 | D:1      | spaghetti the Vine Stalker Fighter began the quest for the
                  | Orb.
     0 | D:1      | Reached XP level 1. HP: 11/11 MP: 2/2
     0 | D:1      | magus.rc [v1.9.6]
    56 | D:1      | Found a faded altar of an unknown god.
    73 | D:1      | Prayed at the altar of an unknown god.
    73 | D:1      | Became a worshipper of Kikubaaqudgha
    73 | D:1      | Reached * piety under Kikubaaqudgha
    73 | D:1      | You add the spells Animate Skeleton, Pain, Corpse Rot and
                  | Vampiric Draining to your library.
    73 | D:1      | Received a gift from Kikubaaqudgha
   320 | D:1      | Reached XP level 2. HP: 15/16 MP: 1/3
   698 | D:1      | Reached skill level 1 in Dodging
   758 | D:1      | You pick up a book of Cantrips and begin reading...
   758 | D:1      | You add the spells Summon Small Mammal and Apportation to
                  | your library.
   909 | D:1      | Reached XP level 3. HP: 19/19 MP: 4/4
  1180 | D:2      | Reached skill level 3 in Unarmed Combat
  1326 | D:2      | You add the spells Tukima's Dance, Passage of Golubria and
                  | Yara's Violent Unravelling to your library.
  1472 | D:2      | Noticed Sigmund
  1483 | D:2      | Killed Sigmund
  1484 | D:2      | Reached skill level 3 in Dodging
  1484 | D:2      | Gained mutation: Your natural rate of healing is unusually
                  | fast. [Vine Stalker growth]
  1484 | D:2      | Reached XP level 4. HP: 11/23 MP: 5/5
  1484 | D:2      | Reached XP level 5. HP: 13/27 MP: 6/6
  1547 | D:2      | Reached skill level 4 in Unarmed Combat
  1547 | D:2      | Reached XP level 6. HP: 16/32 MP: 3/7
  1565 | D:2      | Reached ** piety under Kikubaaqudgha
  2072 | D:3      | HP: 8/32 [worm (3)]
  2077 | D:3      | HP: 3/32 [orc priest/divine providence (9)]
  2084 | D:3      | HP: 6/32 [kobold/+0 whip (2)]
  2296 | D:3      | Reached skill level 1 in Maces & Flails
  2645 | D:3      | Reached skill level 2 in Maces & Flails
  3132 | D:4      | Found a staircase to the Ecumenical Temple.
  3199 | D:4      | Reached XP level 7. HP: 35/35 MP: 8/8
  3263 | D:4      | Noticed Eustachio
  3299 | D:4      | Killed Eustachio
  3300 | D:4      | Reached skill level 3 in Maces & Flails
  3839 | D:4      | Noticed Natasha
  3855 | D:4      | Killed Natasha
  4076 | D:5      | Entered Level 5 of the Dungeon
  4117 | D:5      | HP: 1/35 [ice beast (9)]
  4119 | D:5      | Reached skill level 4 in Maces & Flails
  4119 | D:5      | Reached skill level 3 in Armour
  4350 | D:5      | Gained mutation: You have razor-sharp teeth. [Vine Stalker
                  | growth]
  4350 | D:5      | Reached XP level 8. HP: 29/39 MP: 3/9
  4433 | D:5      | Reached skill level 4 in Armour
  4483 | D:5      | Noticed Pikel
  4562 | D:5      | Killed Pikel
  4563 | D:5      | Reached skill level 3 in Fighting
  4563 | D:5      | Reached skill level 5 in Maces & Flails
  4563 | D:5      | Reached skill level 4 in Dodging
  4588 | D:5      | Reached skill level 5 in Armour
  4608 | D:5      | Noticed Prince Ribbit
  4617 | D:5      | Killed Prince Ribbit
  4618 | D:5      | Reached XP level 9. HP: 36/45 MP: 8/10
  4692 | D:5      | Reached skill level 4 in Fighting
  4732 | D:5      | Noticed Blork the orc
  4745 | D:5      | Killed Blork the orc
  4896 | D:5      | Noticed Ijyb
  4898 | D:5      | Noticed Edmund
  4911 | D:5      | Killed Ijyb
  4927 | D:5      | Killed Edmund
  5184 | D:5      | Reached *** piety under Kikubaaqudgha
  5184 | D:5      | You add the spells Anguish, Animate Dead, Dispel Undead,
                  | Excruciating Wounds and Simulacrum to your library.
  5184 | D:5      | Received a gift from Kikubaaqudgha
  5528 | D:6      | Reached skill level 5 in Dodging
  5611 | D:6      | Reached skill level 6 in Armour
  5635 | D:6      | Found Merr's Neck Hole.
  5647 | D:6      | Noticed a troll
  5660 | D:6      | Killed a troll
  5753 | D:6      | Noticed a hornet
  5766 | D:6      | Killed a hornet
  5881 | D:6      | Reached skill level 6 in Maces & Flails
  6108 | D:7      | Reached skill level 5 in Fighting
  6328 | D:7      | Reached XP level 10. HP: 49/51 MP: 11/11
  6381 | D:7      | Reached skill level 7 in Armour
  6397 | D:7      | Noticed a purple ugly thing
  6397 | D:7      | Noticed a white ugly thing
  6407 | D:7      | HP: 11/51 [troll (2)]
  6478 | D:7      | HP: 12/51 [troll (10)]
  6483 | D:7      | HP: 9/51 [troll (2)]
  6489 | D:7      | HP: 5/51 [troll (2)]
  6489 | D:7      | HP: 1/51 [sky beast (2)]
  6493 | D:7      | Mangled by a slime creature

Vanquished Creatures
  Pikel (D:5)
  A troll (D:6)
  A hornet (D:6)
  Prince Ribbit (D:5)
  Sigmund (D:2)
  Eustachio (D:4)
  A vampire mosquito (D:7)
  Edmund (D:5)
  3 water moccasins
  2 orc warriors (D:7)
  2 ice beasts
  A black bear (D:5)
  4 lemures
  Blork the orc (D:5)
  A bullfrog (D:7)
  A gnoll sergeant (D:7)
  5 necrophages
  5 orc priests
  2 jellies (D:5)
  A hound (D:5)
  3 iguanas
  Ijyb (D:5)
  6 orc wizards
  Natasha (D:4)
  5 gnolls (D:7)
  6 adders
  2 shadow imps (D:6)
  An ufetubus (D:5)
  7 worms
  4 dart slugs
  25 orcs
  3 ball pythons
  4 endoplasms
  A giant cockroach (D:1)
  11 goblins
  4 hobgoblins
  4 jackals (D:2)
  2 quokkas
  3 bats
  2 frilled lizards
  4 kobolds
  4 rats
139 creatures vanquished.

Vanquished Creatures (others)
  A sky beast (D:5)
1 creature vanquished.

Grand Total: 140 creatures vanquished

Table legend:
 A = Non-vault XP
 B = Vault XP
 C = Vault XP percentage of total XP
 D = Non-vault monster count
 E = Vault monster count
 F = Vault count percentage of total count
                 A         B        C        D         E       F
            +---------+---------+-------+---------+---------+-------
      Total |    3086 |    2205 |  41.7 |     118 |      18 |  13.2
            +---------+---------+-------+---------+---------+-------
        D:1 |      44 |       0 |   0.0 |      23 |       0 |   0.0
        D:2 |     162 |     226 |  58.2 |      16 |       1 |   5.9
        D:3 |     164 |       0 |   0.0 |      16 |       0 |   0.0
        D:4 |     107 |     274 |  71.9 |       8 |       7 |  46.7
        D:5 |     887 |    1232 |  58.1 |      23 |       5 |  17.9
        D:6 |    1048 |       0 |   0.0 |      11 |       0 |   0.0
        D:7 |     674 |     473 |  41.2 |      21 |       5 |  19.2
            +---------+---------+-------+---------+---------+-------

Illustrated notes

Table legend:
 A = Kills in this place as a percentage of kills in entire the game.
 B = Kills by you in this place as a percentage of kills by you in the entire game.
 C = Kills by friends in this place as a percentage of kills by friends in the entire game.
 D = Other kills in this place as a percentage of other kills in the entire game.
 E = Experience gained in this place as a percentage of experience gained in the entire game.
 F = Experience gained in this place divided by the number of levels of this place that you have seen.
                   A       B       C       D       E      F
               +-------+-------+-------+-------+-------+----------------------
         Total | 100.0 | 100.0 |   N/A | 100.0 | 100.0 | 755.9
       Dungeon | 100.0 | 100.0 |   N/A | 100.0 | 100.0 | 755.9
               +-------+-------+-------+-------+-------+----------------------

Table legend: (Time is in decaauts)
 A = Elapsed time spent in this place.
 B = Non-inter-level travel time spent in this place.
 C = Inter-level travel time spent in this place.
 D = Time resting spent in this place.
 E = Time spent auto-exploring this place.
 F = Levels seen in this place.
 G = Mean time per level.
                   A        B        C        D        E       F      G
               +--------+--------+--------+--------+--------+-----+--------+
         Total |   6466 |   6250 |    216 |    467 |   4420 |   7 |  923.7 |
       Dungeon |   6466 |   6250 |    216 |    467 |   4420 |   7 |  923.7 |
               +--------+--------+--------+--------+--------+-----+--------+

Top non-repeatable levels by time:
     D:5: 1325 daAuts
     D:1: 1172 daAuts
     D:4: 1091 daAuts
     D:3: 1083 daAuts
     D:2: 774 daAuts
     D:7: 548 daAuts
     D:6: 472 daAuts
